SAAA
PENNSAUKEN FLYERS @ VERMONT LAKE MONSTERS
08/09/2032
 
TOP OF THE 1ST
Pennsauken Flyers batting - Pitching for Vermont Lake Monsters : RHP Naozane Kobayashi
Pitching: RHP Naozane Kobayashi
Batting: RHB Patrick Eggen 0-0: Fly out, F3 (Popup, 23F)
Batting: RHB Chris Teague 0-0: Swinging Strike
0-1: Swinging Strike
0-2: Ball
1-2: Ball
2-2: Foul Ball, location: 2F
2-2: Ball
3-2: Foul Ball, location: 2F
3-2: Foul Ball, location: 2F
3-2: Foul Ball, location: 2F
3-2: Strikes out swinging
Batting: RHB Enrique Ibarra 0-0: Fly out, F9 (Flyball, 9S)
Top of the 1st over - 0 runs, 0 hits, 0 errors, 0 left on base; Pennsauken 0 - Vermont 0
BOTTOM OF THE 1ST
Vermont Lake Monsters batting - Pitching for Pennsauken Flyers : RHP Augusto Ramos
Pitching: RHP Augusto Ramos
Batting: SHB Robert La Caze 0-0: Ball
1-0: Ball
2-0: Ball
3-0: Called Strike
3-1: Foul Ball, location: 2F
3-2: Base on Balls
Batting: RHB Ramón Degollado 0-0: Fly out, F9 (Flyball, 89S)
Batting: LHB Manuel Núñez 0-0: Ball
1-0: Fly out, F8 (Flyball, 89M)
Batting: RHB Kasper Schuilenberg 0-0: Ball
1-0: Fly out, F8 (Flyball, 8RM)
Bottom of the 1st over - 0 runs, 0 hits, 0 errors, 1 left on base; Pennsauken 0 - Vermont 0
TOP OF THE 2ND
Pennsauken Flyers batting - Pitching for Vermont Lake Monsters : RHP Naozane Kobayashi
Batting: LHB Gong Mao 0-0: Called Strike
0-1: Ball
1-1: Foul Ball, location: 2F
1-2: Foul Ball, location: 2F
1-2: Foul Ball, location: 2F
1-2: Foul Ball, location: 2F
1-2: Strikes out swinging
Batting: RHB Vincente Flores 0-0: Called Strike
0-1: Swinging Strike
0-2: Ball
1-2: Strikes out swinging
Batting: RHB Bartolo Rosas 0-0: Ball
1-0: Ball
2-0: Called Strike
2-1: Ball
3-1: Base on Balls
Batting: RHB Kazuyoshi Yoshida 0-0: Ball
1-0: Foul Ball, location: 2F
1-1: Ball
2-1: Called Strike
2-2: Foul Ball, location: 2F
2-2: Ball
3-2: Foul Ball, location: 2F
3-2: Ground out U3 (Groundball, 34S)
Top of the 2nd over - 0 runs, 0 hits, 0 errors, 1 left on base; Pennsauken 0 - Vermont 0
BOTTOM OF THE 2ND
Vermont Lake Monsters batting - Pitching for Pennsauken Flyers : RHP Augusto Ramos
Batting: LHB Carlos Germán 0-0: Ball
1-0: Called Strike
1-1: Ball
2-1: SINGLE (Groundball, 6) (infield hit)
Batting: RHB José Vázquez 0-0: Ball
1-0: Ball
2-0: Ball
3-0: Called Strike
3-1: Base on Balls
Carlos Germán to second
Batting: RHB Showander Descarte 0-0: Grounds into double play, 6-4-3 (Groundball, 6)
Carlos Germán to third
Batting: LHB Gilberto Jiménez 0-0: SINGLE (Groundball, 34D)
Carlos Germán scores
Batting: RHB Cosmo Castanhedo 0-0: Ball
1-0: Ball
2-0: Ball
3-0: Base on Balls
Gilberto Jiménez to second
Batting: SHB Robert La Caze 0-0: SINGLE (Line Drive, 6)
Gilberto Jiménez to third
Cosmo Castanhedo to second
Runner from 3rd tries for Home, SAFE, throw made home
Batting: RHB Ramón Degollado 0-0: DOUBLE (Line Drive, 8LXD)
Cosmo Castanhedo scores
Robert La Caze to third
Runner from 3rd tries for Home, SAFE, no throw
Batting: LHB Manuel Núñez 0-0: Ball
1-0: Swinging Strike
1-1: Foul Ball, location: 2F
1-2: Strikes out looking
Bottom of the 2nd over - 4 runs, 4 hits, 0 errors, 1 left on base; Pennsauken 0 - Vermont 4
TOP OF THE 3RD
Pennsauken Flyers batting - Pitching for Vermont Lake Monsters : RHP Naozane Kobayashi
Batting: RHB Clarence Therrien 0-0: Swinging Strike
0-1: Ball
1-1: Swinging Strike
1-2: Ball
2-2: Strikes out swinging
Batting: SHB Bob Lambert 0-0: Called Strike
0-1: Ball
1-1: Foul Ball, location: 2F
1-2: Ball
2-2: Foul Ball, location: 2F
2-2: Foul Ball, location: 2F
2-2: Strikes out swinging
Batting: RHB Patrick Eggen 0-0: Ball
1-0: Fly out, F7 (Flyball, 7)
Top of the 3rd over - 0 runs, 0 hits, 0 errors, 0 left on base; Pennsauken 0 - Vermont 4
BOTTOM OF THE 3RD
Vermont Lake Monsters batting - Pitching for Pennsauken Flyers : RHP Augusto Ramos
Batting: RHB Kasper Schuilenberg 0-0: Called Strike
0-1: Ball
1-1: Ball
2-1: Foul Ball, location: 2F
2-2: Strikes out looking
Batting: LHB Carlos Germán 0-0: Ball
1-0: Ball
2-0: Ball
3-0: Base on Balls
Batting: RHB José Vázquez 0-0: Foul Ball, location: 2F
0-1: Ball
1-1: Foul Ball, location: 2F
1-2: Foul Ball, location: 2F
1-2: Foul Ball, location: 2F
1-2: Ball
2-2: Foul Ball, location: 2F
2-2: Ball
3-2: Base on Balls
Carlos Germán to second
Batting: RHB Showander Descarte 0-0: Ball
1-0: Ball
2-0: Ball
3-0: Called Strike
3-1: Base on Balls
Carlos Germán to third
José Vázquez to second
Batting: LHB Gilberto Jiménez 0-0: Ball
1-0: Ball
Wild Pitch!
Carlos Germán scores
José Vázquez to third
Showander Descarte to second
2-0: Foul Ball, location: 2F
2-1: Ball
3-1: Reached on error, E5 (Groundball, 5)
José Vázquez scores
Showander Descarte to third
Batting: RHB Cosmo Castanhedo 0-0: Called Strike
0-1: Ball
1-1: Ball
2-1: Fielders Choice at 2nd, 4-6 (Groundball, 34)
Showander Descarte scores
Batting: SHB Robert La Caze 0-0: Swinging Strike
0-1: Fly out, F8 (Flyball, 8RD)
Bottom of the 3rd over - 3 runs, 0 hits, 1 error, 1 left on base; Pennsauken 0 - Vermont 7
TOP OF THE 4TH
Pennsauken Flyers batting - Pitching for Vermont Lake Monsters : RHP Naozane Kobayashi
Batting: RHB Chris Teague 0-0: Called Strike
0-1: Foul Ball, location: 2F
0-2: Ball
1-2: Ball
2-2: Strikes out looking
Batting: RHB Enrique Ibarra 0-0: Called Strike
0-1: Swinging Strike
0-2: Ground out 3-1 (Groundball, 34)
Batting: LHB Gong Mao 0-0: Foul Ball, location: 2F
0-1: Swinging Strike
0-2: Strikes out swinging
Top of the 4th over - 0 runs, 0 hits, 0 errors, 0 left on base; Pennsauken 0 - Vermont 7
BOTTOM OF THE 4TH
Vermont Lake Monsters batting - Pitching for Pennsauken Flyers : RHP Augusto Ramos
Batting: RHB Ramón Degollado 0-0: Called Strike
0-1: Foul Ball, location: 2F
0-2: Fly out, F7 (Flyball, 78XD)
Batting: LHB Manuel Núñez 0-0: SOLO HOME RUN (Flyball, 9D), Distance : 374 ft
Batting: RHB Kasper Schuilenberg 0-0: Ball
1-0: Called Strike
1-1: Ball
2-1: Foul Ball, location: 2F
2-2: DOUBLE (Line Drive, 78D)
Batting: LHB Carlos Germán 0-0: Called Strike
0-1: Ground out U3 (Groundball, 3)
Kasper Schuilenberg to third
Batting: RHB José Vázquez 0-0: Foul Ball, location: 2F
0-1: Reached on error, E5 (Groundball, 56)
Kasper Schuilenberg scores
Batting: RHB Showander Descarte 0-0: Called Strike
0-1: Ball
1-1: SINGLE (Line Drive, 6M)
José Vázquez to third
Runner from 3rd tries for Home, SAFE, no throw
Batting: LHB Gilberto Jiménez 0-0: Ball
1-0: Ball
2-0: Ball
3-0: Called Strike
3-1: Base on Balls
Showander Descarte to second
Pitching: LHP Arnie Banks
Batting: RHB Cosmo Castanhedo 0-0: Ball
1-0: Ball
2-0: Ball
3-0: Base on Balls
Showander Descarte to third
Gilberto Jiménez to second
Batting: SHB Robert La Caze 0-0: Foul Ball, location: 2F
0-1: DOUBLE (Line Drive, 7LM)
Showander Descarte scores
Gilberto Jiménez scores
Cosmo Castanhedo to third
Runner from 3rd tries for Home, SAFE, no throw
Batting: RHB Ramón Degollado 0-0: Foul Ball, location: 2F
0-1: Called Strike
0-2: Ball
1-2: Foul Ball, location: 2F
1-2: Ball
2-2: Ball
3-2: Foul Ball, location: 2F
3-2: Base on Balls
Batting: LHB Manuel Núñez 0-0: Ball
1-0: Ball
2-0: Called Strike
2-1: Swinging Strike
2-2: Fly out, F6 (Popup, 6M)
Bottom of the 4th over - 6 runs, 4 hits, 1 error, 2 left on base; Pennsauken 0 - Vermont 13
TOP OF THE 5TH
Pennsauken Flyers batting - Pitching for Vermont Lake Monsters : RHP Naozane Kobayashi
Batting: RHB Vincente Flores 0-0: Ball
1-0: Fly out, F7 (Flyball, 7LD)
Batting: RHB Bartolo Rosas 0-0: Ball
1-0: Ball
2-0: SINGLE (Flyball, 7LS)
Batting: RHB Kazuyoshi Yoshida 0-0: Ball
1-0: Ball
2-0: Ball
3-0: Base on Balls
Bartolo Rosas to second
Batting: RHB Clarence Therrien 0-0: Ball
1-0: Called Strike
1-1: Ball
2-1: Called Strike
2-2: Strikes out swinging
Batting: SHB Bob Lambert 0-0: Fly out, F8 (Line Drive, 8RM)
Top of the 5th over - 0 runs, 1 hit, 0 errors, 2 left on base; Pennsauken 0 - Vermont 13
BOTTOM OF THE 5TH
Vermont Lake Monsters batting - Pitching for Pennsauken Flyers : LHP Arnie Banks
Batting: RHB Kasper Schuilenberg 0-0: Ball
1-0: SINGLE (Groundball, 34D)
Batting: LHB Carlos Germán 0-0: Ball
1-0: Foul Ball, location: 2F
1-1: Ball
2-1: Ball
3-1: Foul Ball, location: 2F
3-2: Foul Ball, location: 2F
3-2: Foul Ball, location: 2F
3-2: Foul Ball, location: 2F
3-2: Base on Balls
Kasper Schuilenberg to second
Batting: RHB José Vázquez 0-0: Called Strike
0-1: Ball
1-1: Ball
2-1: Reached on error, E6 (Groundball, 6)
Kasper Schuilenberg to third
Carlos Germán to second
Batting: RHB Showander Descarte 0-0: Swinging Strike
0-1: Called Strike
0-2: Strikes out swinging
Batting: LHB Gilberto Jiménez 0-0: Ball
1-0: Ball
2-0: Swinging Strike
2-1: Foul Ball, location: 2F
2-2: Foul Ball, location: 2F
2-2: Strikes out swinging
Batting: RHB Cosmo Castanhedo 0-0: Foul Ball, location: 2F
0-1: Ball
1-1: Called Strike
1-2: Foul Ball, location: 2F
1-2: Ball
2-2: Ground out 4-3 (Groundball, 4)
Bottom of the 5th over - 0 runs, 1 hit, 1 error, 3 left on base; Pennsauken 0 - Vermont 13
TOP OF THE 6TH
Pennsauken Flyers batting - Pitching for Vermont Lake Monsters : RHP Naozane Kobayashi
Batting: RHB Patrick Eggen 0-0: Swinging Strike
0-1: Foul Ball, location: 2F
0-2: SINGLE (Line Drive, 5S)
Batting: RHB Chris Teague 0-0: Foul Ball, location: 2F
0-1: Foul Ball, location: 2F
0-2: Fly out, F8 (Flyball, 8LS)
Batting: RHB Enrique Ibarra 0-0: Ball
1-0: Called Strike
1-1: Grounds into double play, 4-6-3 (Groundball, 34)
Top of the 6th over - 0 runs, 1 hit, 0 errors, 0 left on base; Pennsauken 0 - Vermont 13
BOTTOM OF THE 6TH
Vermont Lake Monsters batting - Pitching for Pennsauken Flyers : LHP Arnie Banks
Batting: SHB Robert La Caze 0-0: SINGLE (Groundball, 6S) (infield hit)
Batting: RHB Ramón Degollado 0-0: Ball
1-0: Ball
2-0: Ball
3-0: Called Strike
3-1: Fly out, F7 (Flyball, 7D)
Runner from 1st tags up, SAFE at 2nd
Batting: LHB Manuel Núñez 0-0: Foul Ball, location: 2F
0-1: SINGLE (Line Drive, 4MD)
Robert La Caze to third
Runner from 3rd tries for Home, SAFE, no throw
Batting: RHB Kasper Schuilenberg 0-0: Ball
1-0: Called Strike
1-1: Ball
2-1: SINGLE (Line Drive, 89S)
Manuel Núñez to second
Batting: LHB Carlos Germán 0-0: Called Strike
0-1: Foul Ball, location: 2F
0-2: Foul Ball, location: 2F
0-2: Ball
1-2: Ball
2-2: Ball
3-2: Base on Balls
Manuel Núñez to third
Kasper Schuilenberg to second
Batting: RHB José Vázquez 0-0: Ball
1-0: Called Strike
1-1: Foul Ball, location: 2F
1-2: Ball
2-2: Fielders Choice at 2nd, 6-4 (Groundball, 56)
Manuel Núñez scores
Kasper Schuilenberg to third
Batting: RHB Showander Descarte 0-0: Ball
José Vázquez is caught stealing 2nd base
Bottom of the 6th over - 2 runs, 3 hits, 0 errors, 1 left on base; Pennsauken 0 - Vermont 15
TOP OF THE 7TH
Pennsauken Flyers batting - Pitching for Vermont Lake Monsters : RHP Naozane Kobayashi
Batting: LHB Gong Mao 0-0: SINGLE (Line Drive, 9S)
Batting: RHB Vincente Flores 0-0: Ball
1-0: Fly out, F8 (Flyball, 8RD)
Batting: RHB Bartolo Rosas 0-0: Ball
1-0: Ball
2-0: Ball
3-0: Base on Balls
Gong Mao to second
Batting: RHB Kazuyoshi Yoshida 0-0: Ball
1-0: Called Strike
1-1: Ball
2-1: Fly out, F9 (Line Drive, 9D)
Batting: RHB Clarence Therrien 0-0: Foul Ball, location: 2F
0-1: Swinging Strike
0-2: Ball
1-2: Ball
2-2: Ball
3-2: Ground out 6-3 (Groundball, 6)
Top of the 7th over - 0 runs, 1 hit, 0 errors, 2 left on base; Pennsauken 0 - Vermont 15
BOTTOM OF THE 7TH
Vermont Lake Monsters batting - Pitching for Pennsauken Flyers : LHP Arnie Banks
Batting: RHB Showander Descarte 0-0: Foul Ball, location: 2F
0-1: Ball
1-1: Swinging Strike
1-2: Foul Ball, location: 2F
1-2: SINGLE (Line Drive, 8LS)
Batting: LHB Gilberto Jiménez 0-0: Ball
1-0: Foul Ball, location: 2F
1-1: Fly out, F8 (Flyball, 8LD)
Batting: RHB Cosmo Castanhedo 0-0: Ball
1-0: Foul Ball, location: 2F
1-1: Ball
2-1: Grounds into double play, 6-4-3 (Groundball, 6)
Bottom of the 7th over - 0 runs, 1 hit, 0 errors, 0 left on base; Pennsauken 0 - Vermont 15
TOP OF THE 8TH
Pennsauken Flyers batting - Pitching for Vermont Lake Monsters : RHP Naozane Kobayashi
Now at 1B: Brad Tillman
Batting: SHB Bob Lambert 0-0: Ball
1-0: Ball
2-0: Ground out 4-3 (Groundball, 4M)
Batting: RHB Patrick Eggen 0-0: Ball
1-0: Foul Ball, location: 2F
1-1: Ball
2-1: Foul Ball, location: 2F
2-2: Foul Ball, location: 2F
2-2: Foul Ball, location: 2F
2-2: Ball
3-2: Fly out, F7 (Flyball, 78D)
Batting: RHB Chris Teague 0-0: Called Strike
0-1: Ball
1-1: Ball
2-1: Fly out, F8 (Flyball, 8LD)
Top of the 8th over - 0 runs, 0 hits, 0 errors, 0 left on base; Pennsauken 0 - Vermont 15
BOTTOM OF THE 8TH
Vermont Lake Monsters batting - Pitching for Pennsauken Flyers : LHP Arnie Banks
Batting: SHB Robert La Caze 0-0: Swinging Strike
0-1: Ball
1-1: Called Strike
1-2: Foul Ball, location: 2F
1-2: Foul Ball, location: 2F
1-2: Ball
2-2: Foul Ball, location: 2F
2-2: Foul Ball, location: 2F
2-2: Ball
3-2: Foul Ball, location: 2F
3-2: SINGLE (Groundball, 6MD)
Batting: RHB Ramón Degollado 0-0: Ball
1-0: Ball
2-0: SINGLE (Groundball, 5D)
Robert La Caze to second
Batting: LHB Manuel Núñez 0-0: Called Strike
0-1: Ball
1-1: Ball
Wild Pitch!
Robert La Caze to third
Ramón Degollado to second
2-1: Ball
3-1: Foul Ball, location: 2F
3-2: Base on Balls
Batting: RHB Kasper Schuilenberg 0-0: DOUBLE (Flyball, 89D)
Robert La Caze scores
Ramón Degollado scores
Manuel Núñez to third
Batting: LHB Carlos Germán 0-0: Ball
1-0: Called Strike
1-1: Ball
2-1: Ball
3-1: Called Strike
3-2: Foul Ball, location: 2F
3-2: Ground out 4-3 (Groundball, 4)
Manuel Núñez scores
Kasper Schuilenberg to third
Pitching: RHP Will O'Slattery
Batting: RHB José Vázquez 0-0: Fly out, F8 (Flyball, 78M)
Runner from 3rd tags up, SCORES, no throw
Batting: RHB Showander Descarte 0-0: Ball
1-0: Foul Ball, location: 2F
1-1: Ground out 5-3 (Groundball, 56S)
Bottom of the 8th over - 4 runs, 3 hits, 0 errors, 0 left on base; Pennsauken 0 - Vermont 19
TOP OF THE 9TH
Pennsauken Flyers batting - Pitching for Vermont Lake Monsters : RHP Naozane Kobayashi
Batting: RHB Enrique Ibarra 0-0: Called Strike
0-1: DOUBLE (Line Drive, 89D)
Batting: LHB Gong Mao 0-0: Foul Ball, location: 2F
0-1: Called Strike
0-2: Strikes out swinging
Batting: RHB Vincente Flores 0-0: SINGLE (Groundball, 6MD)
Enrique Ibarra to third
Batting: RHB Bartolo Rosas 0-0: Grounds into double play, 6-4-3 (Groundball, 6)
Top of the 9th over - 0 runs, 2 hits, 0 errors, 1 left on base; Pennsauken 0 - Vermont 19
Wednesday, September 19th, 2018 - OOTP Baseball 18.8 Build 76